 Dungeon Crawl Stone Soup version 0.26-a0-663-g36e8fdb655 (webtiles) character file.

Game seed: 12246631163096203030

79 flotson the Sneak (level 4, 0/35 HPs)
             Began as a Demonspawn Delver on Oct 11, 2020.
             Slain by an orc
             ... wielding a +0 dagger
              (4 damage)
             ... on level 4 of the Dungeon.
             The game lasted 00:02:47 (129 turns).

flotson the Sneak (Demonspawn Delver)                Turns: 129, Time: 00:02:47

Health: 0/35       AC:  3    Str: 10    XL:     4   Next: 16%
Magic:  4/4        EV: 12    Int: 11    God:
Gold:   0          SH:  0    Dex: 15    Spells: 3/3 levels left

rFire    . . .     SeeInvis .   g - +8 spear "Ipromi" {vorpal, rElec rPois Str-3}
rCold    . . .     Faith    .   (no shield)
rNeg     . . .     Spirit   .   a - +0 leather armour
rPois    +         Reflect  .   (no helmet)
rElec    +         Harm     .   (no cloak)
rCorr    .         Rampage  .   (no gloves)
MR       .....                  (no boots)
Stlth    +.........             (no amulet)
HPRegen  0.11/turn              (no ring)
MPRegen  0.09/turn              (no ring)

@: confused
A: large bone plates 1
a: no special abilities


You were on level 4 of the Dungeon.
You visited 1 branch of the dungeon, and saw 2 of its levels.

Inventory:

Hand Weapons
 g - the +8 spear "Ipromi" (weapon) {vorpal, rElec rPois Str-3}
   (You found it on level 5 of the Dungeon)

   It inflicts extra damage upon your enemies.
   It affects your strength (-3).
   It insulates you from electricity.
   It protects you from poison.
Armour
 a - a +0 leather armour (worn)
Wands
 f - a wand of digging (3)
Scrolls
 b - a scroll of fog
 c - a scroll of magic mapping


   Skills:
 + Level 3.4 Fighting
 + Level 1.3 Polearms
 + Level 1.3 Throwing
 + Level 1.2 Armour
 + Level 2.3 Dodging
 - Level 4.5 Stealth
 - Level 1.7 Unarmed Combat


You had 3 spell levels left.
You didn't know any spells.
Your spell library was empty.

Dungeon Overview and Level Annotations

Branches:
Dungeon (5/15)
 Temple: D:4-7

Altars:


Innate Abilities, Weirdness & Mutations

You are partially covered in large bone plates. (SH +4)


Message History

Something hits you but does no damage.
You barely miss something.
You hear some strange, mumbled words.
A puff of flame appears from out of thin air!
The puff of flame hits you!
* * * LOW HITPOINT WARNING * * *
You miss something. Something hits you.
* * * LOW HITPOINT WARNING * * *
You closely miss something. Something hits you but does no damage.
You miss something.
You hear some strange, mumbled words.
You are confused.
You puncture something!
Reactivating autopickup.
You have reached level 4!
You feel agile.
You feel a bit more experienced.
You're too confused to move!
The orc misses you.
You closely miss the orc. The orc hits you with a +0 dagger.
You die...

#B# #.# #.# #.#
..### #.#
##....####### #.#
.......o..oZ# #.#
P......####†####.#
P...... #ooo@..#
...[... ########
.$.$... .)....[
oo.o... .......


You could see 3 orcs.

Vanquished Creatures
  A scorpion (D:4)
  An orc wizard (D:4)
  2 orcs
  A goblin (D:5)
  A hobgoblin (D:5)
6 creatures vanquished.

Notes
Turn   | Place    | Note
-------+----------+-------------------------------------------
     0 | D:5      | flotson the Demonspawn Delver began the quest for the Orb.
     0 | D:5      | Reached XP level 1. HP: 18/18 MP: 1/1
     5 | D:5      | Got a translucent spear
     6 | D:5      | Identified the +8 spear "Ipromi" {vorpal, rElec rPois
                  | Str-3} (You found it on level 5 of the Dungeon)
    58 | D:5      | Noticed a worker ant
    73 | D:4      | Noticed a worker ant
    73 | D:4      | Noticed a scorpion
    96 | D:4      | Noticed an orc wizard
   107 | D:4      | Killed a scorpion
   107 | D:4      | Reached skill level 1 in Polearms
   107 | D:4      | Reached skill level 1 in Throwing
   107 | D:4      | Reached skill level 1 in Armour
   107 | D:4      | Gained mutation: You are partially covered in large bone
                  | plates. (SH +4) [demonic ancestry]
   107 | D:4      | Reached XP level 2. HP: 10/24 MP: 2/2
   107 | D:4      | Reached XP level 3. HP: 12/29 MP: 3/3
   127 | D:4      | Reached XP level 4. HP: 4/35 MP: 4/4
   129 | D:4      | Slain by an orc

Illustrated notes

Levels and vault maps discovered:
D:4:      layout_rooms, minmay_temple_entry_overgrown
D:5:      minmay_goblin_kobold_castle, layout_loops_ring,
          overflow_temple_1_default, basic_altar, serial_shops,
          kennysheep_mini_moat

Skill      XL: |  1 |
---------------+----+-----
Polearms       | 1 |  1.3
Throwing       | 1 |  1.3
Armour         | 1 |  1.2
Dodging        | 2 |  2.3
Fighting       | |  3.4
Stealth        | |  4.5
Unarmed Combat | |  1.7

Action                   |  1- 3 |  4- 6 || total
-------------------------+-------+-------++-------
Melee: Spear             |    21 |     1 ||    22
       Punch             |     1 |       ||     1
Throw: Dart              |     3 |       ||     3
  Use: Scroll            |     1 |       ||     1
       Potion            |     1 |       ||     1
Armor: Leather armour    |     3 |       ||     3
Dodge: Dodged            |     9 |     1 ||    10
Block: Other             |     1 |       ||     1

Table legend: (Time is in decaauts)
 A = Elapsed time spent in this place.
 B = Non-inter-level travel time spent in this place.
 C = Inter-level travel time spent in this place.
 D = Time resting spent in this place.
 E = Time spent auto-exploring this place.
 F = Levels seen in this place.
 G = Mean time per level.
                   A        B        C        D        E       F      G
               +--------+--------+--------+--------+--------+-----+--------+
         Total |    110 |    110 |      0 |     15 |      3 |   2 |   55.0 |
       Dungeon |    110 |    110 |      0 |     15 |      3 |   2 |   55.0 |
               +--------+--------+--------+--------+--------+-----+--------+

Top non-repeatable levels by time:
     D:5: 70 daAuts
     D:4: 39 daAuts
